 Dungeon Crawl Stone Soup version 0.32-a0-411-g744942f433 (webtiles) character file.

Game seed: 12266195135223884566

29166 javelincjr the Eclecticist (level 13, -12/55 HPs)
             Began as a Spriggan Conjurer on Feb 19, 2024.
             Was a High Priest of Vehumet.
             Killed by divine providence
             ... invoked by a meliai
              (16 damage)
             ... on level 4 of the Lair of Beasts on Feb 20, 2024.
             The game lasted 02:03:49 (18140 turns).

javelincjr the Eclecticist (Spriggan Conjurer)     Turns: 18140, Time: 02:03:50

Health: -12/55     AC: 10    Str:  3    XL:     13   Next: 13%
Magic:  9/42       EV: 24    Int: 26    God:    Vehumet [*****.]
Gold:   776        SH:  0    Dex: 15    Spells: 16/42 levels left

rFire   . . .        D - +2 shortbow (freeze)
rCold   . . .        (shield currently unavailable)
rNeg    . . .        Q - +0 steam dragon scales
rPois   .            F - +2 hat
rElec   .            E - +2 cloak
rCorr   .            (gloves unavailable)
SInv    +            (boots unavailable)
Will    ++...        f - amulet "Hoetwig" {Faith Int+3 Stlth+}
Stlth   +++++++      q - ring of magical power
HPRegen 0.29/turn    y - ring of wizardry
MPRegen 0.28/turn

%: faith, wizardry (x1)
@: very quick
A: very small, no large weapons, unfitting armour, see invisible, speed 3
a: Renounce Religion


You were on level 4 of the Lair of Beasts.
You worshipped Vehumet.
Vehumet was extremely pleased with you.
You visited 3 branches of the dungeon, and saw 13 of its levels.
You also visited: Bailey.

You collected 776 gold pieces.

Inventory:

Hand Weapons
 a - a +0 quarterstaff of holy wrath
 e - a +2 dagger of draining
 u - a +2 short sword of draining
 A - a +2 short sword of venom
 D - a +2 shortbow of freezing (weapon)
 O - the +16 obsidian axe {drain, demonic, Mesm ^Drain Fly SInv}
   (You found it on level 8 of the Dungeon)

   Mesm:      Its wielder is mesmerised by any visible foes, and it cannot be
   unequipped while any foes are visible.
   SInv:      It lets you see invisible.
   Fly:       It grants you flight.
   ^Drain:    It drains your maximum health when unequipped.
Missiles
 j - 8 throwing nets
 s - a curare-tipped dart
 v - 9 poisoned darts
Armour
 C - an orb of wrath
 E - a +2 cloak (worn)
 F - a +2 hat (worn)
 Q - +0 steam dragon scales (worn)
Jewellery
 c - an amulet of the acrobat
 f - the amulet "Hoetwig" (around neck) {Faith Int+3 Stlth+}
   (You acquired it in a bailey)

   [amulet of faith]

   Faith:     It allows you to gain divine favour quickly.
   Int+3:     It affects your intelligence (+3).
   Stlth+:    It makes you more stealthy.
 q - a ring of magical power (left hand)
 y - a ring of wizardry (right hand)
 I - a ring of flight
 R - a ring of fire
 Z - an amulet of reflection
Wands
 x - a wand of quicksilver (18)
 H - a wand of mindburst (13)
 V - a wand of flame (1)
 Y - a wand of digging (4)
Scrolls
 d - 2 scrolls of silence {unknown}
 h - 2 scrolls of brand weapon {unknown}
 i - 2 scrolls of teleportation
 m - 2 scrolls of immolation {unknown}
 n - a scroll of fear {unknown}
 o - 5 scrolls of blinking
 G - a scroll of revelation {unknown}
 M - a scroll of poison {unknown}
 N - 2 scrolls of fog
 S - a scroll of noise {unknown}
 T - 2 scrolls of vulnerability
 W - a scroll of summoning {unknown}
Potions
 b - 2 potions of magic
 g - a potion of attraction
 p - a potion of enlightenment {unknown}
 r - a potion of cancellation {unknown}
 t - 9 potions of curing
 w - 4 potions of might
 z - 2 potions of heal wounds
 B - 3 potions of brilliance
 J - a potion of resistance {unknown}
 K - 3 potions of mutation
 P - a potion of invisibility
 X - a potion of lignification
Miscellaneous
 k - a phial of floods


   Skills:
 + Level 12.0 Dodging
 + Level 14.0 Stealth
 * Level 15.1 Spellcasting
 - Level 10.2 Conjurations
 + Level 4.7 Fire Magic
 + Level 1.1 Earth Magic
 + Level 1.1 Evocations


You had 16 spell levels left.
You knew the following spells:

 Your Spells              Type           Power      Damage    Failure   Level
a - Magic Dart            Conj           100%       1d8       1%          1
b - Searing Ray           Conj           100%       2d8       1%          2
c - Fulminant Prism       Conj/Alch      23%        3d12      1%          4
d - Iskenderun's Mystic   Conj/Tloc      46%        2d10      1%          4
e - Sticky Flame          Fire/Alch      32%        2d7       1%          4
f - Irradiate             Conj/Alch      23%        3d19      1%          5
g - Bombard               Conj/Erth      24%        9d5       4%          6

Your spell library contained the following spells:

 Spells                   Type           Power      Damage    Failure   Level
 Plasma Beam              Fire/Air       16%        2x1d27    14%         6
 Blink                    Tloc           38%        N/A       1%          2
 Call Imp                 Summ           38%        N/A       1%          2
 Lesser Beckoning         Tloc           38%        N/A       1%          2
 Inner Flame              Hex/Fire       32%        N/A       1%          3
 Gell's Gravitas          Tloc           19%        N/A       3%          3
 Ozocubu's Armour         Ice            19%        N/A       3%          3
 Teleport Other           Tloc           19%        N/A       3%          3
 Tukima's Dance           Hex            19%        N/A       3%          3
 Lee's Rapid Deconstruct  Erth           12%        3d9*      5%          5
 Leda's Liquefaction      Alch/Erth      11%        N/A       9%          4
 Dimensional Bullseye     Hex/Tloc       9%         N/A       11%         4
 Passage of Golubria      Tloc           19%        N/A       11%         4
 Metabolic Englaciation   Hex/Ice        9%         N/A       28%         5
 Silence                  Hex/Air        9%         N/A       28%         5
 Lehudib's Crystal Spear  Conj/Erth      24%        10d7      77%         8
 Sculpt Simulacrum        Ice/Alch       9%         N/A       82%         6
 Ignition                 Fire           22%        3d8       86%         8


Dungeon Overview and Level Annotations

Branches:
Dungeon (8/15)             Temple (1/1) D:4            Lair (4/5) D:8
 Shoals (0/4) Lair:2        Snake (0/4) Lair:3       Bailey (visited)
  Slime: Lair:4-5

Altars:
Ashenzari
Dithmenos
Elyvilon
Gozag
Hepliaklqana
Kikubaaqudgha
Nemelex Xobeh
Okawaru
Qazlal
Ru
Sif Muna
Trog
Uskayaw
Vehumet
Xom
Yredelemnul
Zin
The Shining One

Shops:
D:2 *

Annotations:
D:6 1 runed translucent door, LobsterGuardian's ghost, novice MDCA


Innate Abilities, Weirdness & Mutations

You are very small and have problems with some larger weapons.
You are too small for most types of armour.
You have supernaturally acute eyesight. (SInv)
You cover ground extremely quickly. (Speed+++)


Message History

You kill the meliai!
Vehumet accepts your kill.
You feel your power returning.
The mystic blast hits the spriggan.
You kill the spriggan!
Vehumet accepts your kill.
You feel your power returning.
Your fulminant prism explodes!
Your Dodging skill increases to level 12!
Your Stealth skill increases to level 14!
Your Evocations skill increases to level 1!
Casting: Iskenderun's Mystic Blast (safe; 1% risk of failure)
Confirm with . or Enter, or press ? or * to list all spells.
Aiming: Fulminant Prism (safe; 1% risk of failure)
Press: ? - help, Dir - move target You conjure a prism of explosive energy!
A fulminant prism comes into view.
The spriggan hits your fulminant prism with a +0 rapier!
The spriggan hits your fulminant prism with a +0 rapier!
Your fulminant prism detonates feebly.
Casting: Fulminant Prism (safe; 1% risk of failure)
Confirm with . or Enter, or press ? or * to list all spells.
Aiming: Fulminant Prism (safe; 1% risk of failure)
Press: ? - help, Dir - move target You conjure a prism of explosive energy!
A fulminant prism comes into view.
You shoot an arrow. The arrow hits the spriggan.
The arrow freezes the spriggan.
The spriggan is severely wounded.
Your fulminant prism crackles loudly.
The spriggan misses you.
You shoot an arrow. The arrow misses the spriggan.
Your fulminant prism explodes!
The blast of energy engulfs the meliai!
The meliai is severely wounded.
The blast of energy engulfs you!!
Ouch! That really hurt!
* * * LOW HITPOINT WARNING * * *
The meliai invokes the aid of its god against you.
Something smites you!
You die...

.###.#.........#......P....#.....
..............>####.#.......#P.#.
.................##.###.....##.#.
.................................
.................................
.....#.#............♣###♣...♣♣##♣
###...###........♣.♣♣♣#♣♣♣♣.♣♣♣♣♣
#.......#.[......i♣.♣♣..♣♣.♣~~♣..
##.....#......♣♣@♣.......♣.~~~~..
.............♣♣.♣..y.#######~~~~.
#.......#....♣.♣....#)).# ##~~.♣
.#.....##....♣♣....###)## ##...
..............♣...## #.# ##.♣
####..###......♣.##### #y# #####.
####...........♣♣.#


yi# #.#..##~♣ ........PP....♣♣†♣♣###i# #.###~~.
..........P..♣.♣.÷♣.##ii#...#~~♣. You could see a spriggan and a meliai.

Vanquished Creatures
  An orc warlord (Bailey)
  A hydra (Lair:2)
  Harold (Lair:2)
  An orc knight (Bailey)
  A meliai (Lair:4)
  A merfolk siren (Lair:2)
  14 elephants
  3 black mambas
  10 cane toads
  A rime drake (Lair:1)
  6 komodo dragons
  3 merfolk (Lair:2)
  7 blink frogs
  7 dream sheep (Lair:3)
  6 spriggans (Lair:4)
  2 wyverns (Lair:4)
  14 yaks
  A basilisk (Lair:1)
  3 steam dragons
  3 nagas (Lair:3)
  8 water moccasins
  2 ice beasts (D:5)
  2 sky beasts (D:7)
  6 orc warriors
  3 black bears
  2 ogres
  4 centaurs
  17 wolves
  A kobold brigand (D:8)
  12 bullfrogs
  3 scorpions
  A gnoll sergeant (D:8)
  43 killer bees
  9 hounds
  5 orc priests
  3 bombardier beetles
  A jelly (D:7)
  4 sleepcaps
  4 iguanas
  7 hell rats (Lair:2)
  6 orc wizards
  18 gnolls
  9 adders
  A shadow imp (D:6)
  A white imp (D:6)
  8 ufetubi
  5 dart slugs
  3 ribbon worms
  30 orcs
  7 bats
  9 endoplasms
  4 giant cockroaches
  13 goblins
  7 hobgoblins
  7 jackals (D:1)
  20 kobolds
  3 quokkas (D:1)
  7 ball pythons
  3 frilled lizards
  7 rats
391 creatures vanquished.

Vanquished Creatures (others)
  An orc wizard (D:6)
  106 fulminant prisms
107 creatures vanquished.

Grand Total: 498 creatures vanquished

Notes
Turn   | Place    | Note
-------+----------+-------------------------------------------
     0 | D:1      | javelincjr the Spriggan Conjurer began the quest for the
                  | Orb.
     0 | D:1      | Reached XP level 1. HP: 9/9 MP: 5/5
   182 | D:1      | Reached skill level 3 in Spellcasting
   182 | D:1      | Reached XP level 2. HP: 13/13 MP: 0/7
   509 | D:1      | Reached XP level 3. HP: 16/16 MP: 0/8
   593 | D:1      | Learned a level 2 spell: Searing Ray
  1461 | D:1      | Reached XP level 4. HP: 21/21 MP: 5/10
  1585 | D:2      | Found Syselei's General Store.
  1705 | D:2      | Reached skill level 4 in Spellcasting
  2028 | D:2      | Reached XP level 5. HP: 24/24 MP: 6/12
  3436 | D:4      | Noticed an ogre
  3443 | D:4      | Killed an ogre
  3444 | D:4      | Reached skill level 5 in Spellcasting
  3444 | D:4      | Reached XP level 6. HP: 28/28 MP: 14/14
  3675 | D:4      | Reached skill level 5 in Stealth
  4167 | D:4      | Learned a level 4 spell: Fulminant Prism
  4172 | D:4      | Learned a level 4 spell: Iskenderun's Mystic Blast
  4200 | D:4      | Noticed a moth of wrath
  4204 | D:4      | Found a bloodstained altar of Trog.
  4225 | D:4      | Reached XP level 7. HP: 32/32 MP: 16/16
  4417 | D:4      | Found a staircase to the Ecumenical Temple.
  4429 | Temple   | Entered the Ecumenical Temple
  4454 | Temple   | Became a worshipper of Vehumet
  4706 | D:5      | Entered Level 5 of the Dungeon
  4830 | D:5      | Reached skill level 6 in Spellcasting
  5034 | D:5      | Reached skill level 5 in Dodging
  5502 | D:5      | Reached skill level 7 in Spellcasting
  5502 | D:5      | Reached skill level 5 in Conjurations
  5508 | D:5      | Reached XP level 8. HP: 36/36 MP: 14/19
  6350 | D:6      | Reached * piety under Vehumet
  6350 | D:6      | Offered knowledge of Shock by Vehumet.
  6477 | D:6      | Found a runed translucent door.
  6482 | D:6      | Noticed LobsterGuardian's ghost (novice MDCA)
  6742 | D:6      | Reached skill level 8 in Spellcasting
  7626 | D:7      | Reached XP level 9. HP: 35/39 MP: 22/22
  7631 | D:7      | Found a flagged portal.
  7636 | D:7      | Reached skill level 9 in Spellcasting
  8124 | D:7      | Reached ** piety under Vehumet
  8124 | D:7      | Offered knowledge of Sandblast by Vehumet.
  8171 | Bailey   | Entered a bailey
  8347 | Bailey   | Noticed an orc warlord
  8375 | Bailey   | Noticed an orc knight
  8611 | Bailey   | Killed an orc knight
  8612 | Bailey   | Reached skill level 10 in Spellcasting
  8780 | Bailey   | Found a runed translucent gate.
  8783 | Bailey   | Found a runed translucent gate.
  8785 | Bailey   | Found a runed translucent gate.
  9372 | Bailey   | Killed an orc warlord
  9373 | Bailey   | Reached XP level 10. HP: 44/44 MP: 1/25
  9981 | D:7      | Found a sparkling altar of Nemelex Xobeh.
 10218 | D:8      | Offered knowledge of Static Discharge by Vehumet.
 10273 | D:8      | Reached skill level 10 in Stealth
 10273 | D:8      | Reached skill level 11 in Spellcasting
 10536 | D:8      | Found a staircase to the Lair.
 10563 | D:8      | Found an opulent altar of Gozag.
 10593 | D:8      | Found a sacrificial altar of Ru.
 10657 | D:8      | Found the +16 obsidian axe {drain, demonic, Mesm ^Drain Fly
                  | SInv}
 10867 | D:8      | Reached *** piety under Vehumet
 11226 | Lair:1   | Entered Level 1 of the Lair of Beasts
 11226 | Lair:1   | Noticed an elephant
 11226 | Lair:1   | Noticed an elephant
 11227 | Lair:1   | Noticed an elephant
 11227 | Lair:1   | Noticed an elephant
 11274 | Lair:1   | Killed an elephant
 11334 | Lair:1   | Noticed a black mamba
 11342 | Lair:1   | Killed an elephant
 11409 | D:8      | Killed a black mamba
 11409 | D:8      | Offered knowledge of Sticky Flame by Vehumet.
 11415 | D:8      | Learned a level 4 spell: Sticky Flame
 11421 | D:8      | Learned a level 5 spell: Irradiate
 11560 | Lair:1   | Noticed a cane toad
 11578 | Lair:1   | Killed an elephant
 11579 | Lair:1   | Reached skill level 12 in Spellcasting
 11734 | Lair:1   | Killed a cane toad
 11735 | Lair:1   | Reached XP level 11. HP: 38/47 MP: 26/28
 11877 | Lair:1   | Reached skill level 1 in Fire Magic
 12797 | Lair:1   | Reached skill level 10 in Dodging
 13072 | Lair:1   | Reached skill level 13 in Spellcasting
 13139 | Lair:1   | Reached **** piety under Vehumet
 13691 | Lair:2   | Offered knowledge of Flame Wave by Vehumet.
 13993 | Lair:2   | Noticed a four-headed hydra
 14008 | Lair:2   | Reached XP level 12. HP: 41/51 MP: 24/30
 14010 | Lair:2   | Killed a four-headed hydra
 14564 | Lair:2   | Found a staircase to the Shoals.
 14580 | Lair:2   | Noticed Harold
 14915 | Lair:2   | Reached skill level 14 in Spellcasting
 15023 | Lair:2   | Killed Harold
 15198 | Lair:3   | Reached ***** piety under Vehumet
 15201 | Lair:3   | Offered knowledge of Plasma Beam by Vehumet.
 15758 | Lair:3   | Learned a level 6 spell: Bombard
 15828 | Lair:3   | Reached skill level 10 in Conjurations
 16264 | Lair:3   | Found a staircase to the Snake Pit.
 16645 | Lair:3   | You fall into a shaft and drop 1 floor!
 16648 | Lair:4   | Upgraded the game from 0.32-a0-391-gce5c0aab1b to
                  | 0.32-a0-411-g744942f433
 17207 | Lair:4   | Acquired the amulet "Hoetwig" {Faith Int+3 Stlth+}
 17596 | Lair:4   | Reached XP level 13. HP: 46/55 MP: 12/32
 17622 | Lair:4   | Reached skill level 15 in Spellcasting
 18129 | Lair:4   | Reached skill level 1 in Earth Magic
 18133 | Lair:4   | Reached skill level 1 in Evocations
 18140 | Lair:4   | Killed from afar by a meliai

Illustrated notes

Levels and vault maps discovered:
D:1:      minmay_arrival_solitary_statue, layout_loops_ring,
          minmay_split_cup_large
D:2:      minmay_chambers_of_twos, layout_rooms, serial_shops, shop,
          minmay_door_square
D:3:      layout_basic, kennysheep_nondescript
D:4:      minmay_spotlight, layout_basic, tgw_trog, temple_hall
D:5:      layout_basic
D:6:      layout_loops_corners, ebering_ghost_sewer_d
D:7:      layout_rooms, nemelex_dance_club_becter, enter_bailey_3,
          grunt_ministairs_12
D:8:      layout_basic, mainiacjoe_overflow_two_lobes, lair_entry_dummy,
          dreamdust_deal_with_the_devil
Temple:   nicolae_temple_ecumenical_triangle
Lair:1:   layout_regular_city, grunt_megastairs_3
Lair:2:   layout_cave_pods, elwin_shoals_entry_stream, uniq_harold
Lair:3:   layout_loops_ring, nicolae_snake_entry_squirm
Lair:4:   wad_woods_minihive, layout_regular_city, serial_bayou_shore_b

Skill      XL: |  1  2  3  4  5  6  7  8  9 10 11 12 13 |
---------------+----------------------------------------+-----
Conjurations   | 3 4 5 6 7 8 9 10 | 10.2
Spellcasting   | 3 4 5 7 8 10 12 13 14 15 | 15.1
Dodging        | 3 4 5 6 8 9 10 11 12 | 12.0
Stealth        | 4 5 6 7 9 11 12 13 14 | 14.0
Fire Magic     | 3 4 |  4.7
Earth Magic    | 1 |  1.1
Evocations     | 1 |  1.1

Action                     |  1- 3 |  4- 6 |  7- 9 | 10-12 | 13-15 || total
---------------------------+-------+-------+-------+-------+-------++-------
  Melee: Dagger            |       |     3 |       |       |       ||     3
         Short sword       |       |       |    10 |    12 |       ||    22
   Fire: Shortbow          |       |       |    75 |   352 |    22 ||   449
   Cast: Magic Dart        |    69 |    96 |   157 |     7 |       ||   329
         Searing Ray       |     7 |    20 |    47 |    33 |       ||   107
         Fulminant Prism   |       |     1 |    54 |    45 |     6 ||   106
         Iskenderun's Myst |       |       |    13 |   136 |     6 ||   155
         Sticky Flame      |       |       |       |    64 |     6 ||    70
         Irradiate         |       |       |       |     3 |       ||     3
         Bombard           |       |       |       |     8 |       ||     8
  Evoke: Wand              |       |       |       |       |     1 ||     1
    Use: Scroll            |       |     1 |     7 |     9 |     1 ||    18
         Potion            |       |       |       |     4 |       ||     4
 Armour: Robe              |     3 |     1 |    26 |     3 |       ||    33
         Steam dragon scal |       |       |       |    88 |    13 ||   101
  Dodge: Dodged            |    12 |    18 |    93 |   290 |    28 ||   441
  Block: Other             |       |       |       |     8 |       ||     8

Table legend: (Time is in decaauts)
 A = Elapsed time spent in this place.
 B = Non-inter-level travel time spent in this place.
 C = Inter-level travel time spent in this place.
 D = Time resting spent in this place.
 E = Time spent auto-exploring this place.
 F = Levels seen in this place.
 G = Mean time per level.
                   A        B        C        D        E       F      G
               +--------+--------+--------+--------+--------+-----+--------+
         Total |  14665 |  14486 |    179 |   1614 |   9592 |  14 | 1047.5 |
       Dungeon |   7995 |   7870 |    125 |    832 |   5560 |   8 |  999.4 |
        Temple |     31 |     31 |      0 |      0 |      0 |   1 |   31.0 |
          Lair |   5445 |   5392 |     53 |    422 |   3687 |   4 | 1361.2 |
        Bailey |   1193 |   1193 |      0 |    360 |    344 |   1 | 1193.0 |
               +--------+--------+--------+--------+--------+-----+--------+

Top non-repeatable levels by time:
  Lair:1: 1667 daAuts
     D:6: 1468 daAuts
  Lair:2: 1352 daAuts
     D:1: 1270 daAuts
  Lair:4: 1223 daAuts
  Lair:3: 1203 daAuts
  Bailey: 1193 daAuts
     D:8: 1170 daAuts
     D:4: 1045 daAuts
     D:5: 968 daAuts
     D:2: 772 daAuts
     D:3: 683 daAuts
     D:7: 616 daAuts
  Temple: 31 daAuts
